 Dungeon Crawl Stone Soup version 0.24.1-4-ge52af88ad5 (webtiles) character file.

Game seed: 4610862915853882701, levelgen mode: deterministic

114 Gruesph the Insei (level 4, -2/35 HPs)
             Began as a Draconian Transmuter on Apr 15, 2020.
             Was an Initiate of Fedhas.
             Slain by a killer bee zombie (7 damage)
             ... on level 3 of the Dungeon.
             The game lasted 00:09:23 (2530 turns).

Gruesph the Insei (Draconian Transmuter)            Turns: 2530, Time: 00:09:23

Health: -2/35      AC:  2    Str: 12    XL:     4   Next: 67%
Magic:  4/7        EV: 19    Int: 13    God:    Fedhas [......]
Gold:   129        SH:  0    Dex: 18    Spells: 1/7 levels left

rFire    . . .     SeeInvis .     - Unarmed
rCold    . . .     Gourm    .   (shield currently unavailable)
rNeg     . . .     Faith    .   (armour unavailable)
rPois    x         Spirit   .   (helmet currently unavailable)
rElec    .         Reflect  .   (cloak currently unavailable)
rCorr    .         Harm     .   (gloves currently unavailable)
MR       .....                  (boots currently unavailable)
Stlth    ++........             (no amulet)
HPRegen  0.11/turn              (no ring)
MPRegen  0.10/turn              (no ring)

@: spider-form
A: tiny, unfitting armour, AC +5
a: End Transformation, Renounce Religion


You were on level 3 of the Dungeon.
You worshipped Fedhas.
Fedhas was noncommittal.
You were hungry.
You were a venomous arachnid creature.
You visited 1 branch of the dungeon, and saw 3 of its levels.

You collected 129 gold pieces.

Inventory:

Hand Weapons
 b - a +0 hunting sling
Missiles
 a - 10 arrows
 e - 9 sling bullets
 i - 52 stones (quivered)
 l - 8 datura-tipped darts
Armour
 q - a +0 pair of gloves (melded)
Jewellery
 m - an uncursed amulet of harm {unknown}
Wands
 n - a wand of enslavement (8)
 s - a wand of polymorph (5)
Scrolls
 c - a scroll of teleportation {unknown}
 g - 3 scrolls of remove curse {unknown}
 h - a scroll of enchant weapon {unknown}
 j - 3 scrolls of fear {unknown}
 o - a scroll of identify {unknown}
Potions
 d - 3 potions of flight {unknown}
 k - a potion of haste {unknown}
 p - a potion of brilliance {unknown}
Comestibles
 f - 7 rations
 r - 2 chunks of flesh


   Skills:
 - Level 1.1 Fighting
 - Level 1.7 Dodging
 + Level 5.0 Unarmed Combat
 - Level 2.0 Spellcasting
 - Level 2.0 Transmutations
 + Level 1.8 Poison Magic


You had one spell level left.
You knew the following spells:

 Your Spells              Type           Power        Failure   Level  Hunger
a - Beastly Appendage     Tmut           #.....       26%         1    ##.....
b - Sticks to Snakes      Tmut           #.......     36%         2    ###....
c - Spider Form           Tmut/Pois      #.........   56%         3    ####...

Your spell library contained the following spells:

 Spells                   Type           Power        Failure   Level  Hunger
 Ice Form                 Ice/Tmut       #.......     95%         4    #####..
 Blade Hands              Tmut           #.........   99%         5    ######.


Dungeon Overview and Level Annotations

Branches:
Dungeon (3/15)

Altars:
Fedhas
Makhleb


Innate Abilities, Weirdness & Mutations

((Your plain brown scales are hard. (AC +5)))
You cannot fit into any form of body armour.
((You are cold-blooded and may be slowed by cold attacks.))


Message History

The killer bee zombie barely misses you. x2
You hit the killer bee zombie but do no damage.
You tail-slap the killer bee zombie.
The killer bee zombie is severely damaged.
The killer bee zombie closely misses you.
The killer bee zombie hits you.
* * * LOW HITPOINT WARNING * * *
Casting: Sticks to Snakes (safe; 17% risk of failure)
Confirm with . or Enter, or press ? or * to list all spells.
You turn into a venomous arachnid creature.
Your +0 pair of gloves melds into your body.
You are feeling hungry.
The killer bee zombie hits you but does no damage.
You hit the killer bee zombie.
The killer bee zombie is severely damaged.
The killer bee zombie hits you.
* * * LOW HITPOINT WARNING * * *
The killer bee zombie hits you!
You die...
Fedhas appreciates your contribution to the ecosystem.

#.# #.#
#.# #.#
#.# #.#
#.# #.#
#.#
#.########
#<...>....
#......###
#s####.#
#Z# # #.#
... .≈.
≈$.≈≈
≈≈≈≈≈
.≈≈≈≈≈≈


You could see a killer bee zombie.

Vanquished Creatures
  2 adders (D:2)
  2 oozes (D:1)
  2 worms (D:3)
  A dart slug (D:2)
  A leopard gecko (D:2)
  An orc (D:2)
  6 giant cockroaches
  7 goblins
  7 hobgoblins (D:1)
  4 jackals (D:1)
  6 kobolds
  4 bats
  4 frilled lizards
  4 rats
51 creatures vanquished.

Vanquished Creatures (collateral kills)
  Ijyb (D:3)
1 creature vanquished.

Grand Total: 52 creatures vanquished

Notes
Turn   | Place    | Note
-------+----------+-------------------------------------------
     0 | D:1      | Gruesph the Draconian Transmuter began the quest for the
                  | Orb.
     0 | D:1      | Reached XP level 1. HP: 16/16 MP: 3/3
   460 | D:1      | Reached XP level 2. HP: 23/23 MP: 5/5
   467 | D:1      | Learned a level 2 spell: Sticks to Snakes
   795 | D:1      | Reached skill level 4 in Unarmed Combat
  1095 | D:1      | Reached XP level 3. HP: 28/28 MP: 6/6
  1100 | D:1      | Learned a level 3 spell: Spider Form
  1471 | D:2      | Found a blossoming altar of Fedhas.
  1497 | D:2      | Became a worshipper of Fedhas Madash
  1682 | D:2      | Reached skill level 1 in Poison Magic
  1682 | D:2      | Reached XP level 4. HP: 34/35 MP: 7/7
  2061 | D:2      | Found a burning altar of Makhleb.
  2427 | D:3      | Noticed Ijyb
  2445 | D:3      | Killed Ijyb
  2445 | D:3      | Reached skill level 5 in Unarmed Combat
  2530 | D:3      | Slain by a killer bee zombie

Levels and vault maps discovered:
D:1:      dpeg_arrival_erosion, layout_loops_cross
D:2:      layout_rooms, lightli_temple_of_fire, fedhas_altar_1
D:3:      layout_loops_ring, chequers_ecumenical_altar_island, first_ration,
          uniq_grinder, uniq_ijyb

Skill      XL: |  1  2  3  4 |
---------------+-------------+-----
Unarmed Combat | 4 5 |  5.0
Poison Magic   | 1 |  1.8
Fighting       | |  1.1
Dodging        | |  1.7
Spellcasting   | |  2.0
Transmutations | |  2.0

Action                   |  1- 3 |  4- 6 || total
-------------------------+-------+-------++-------
Melee: Unarmed           |   127 |    46 ||   173
       Tailslap          |    15 |     4 ||    19
       Punch             |       |     1 ||     1
 Fire: Hunting sling     |       |    10 ||    10
Throw: Stone             |     4 |     1 ||     5
 Cast: Sticks to Snakes  |       |     2 ||     2
       Spider Form       |       |     1 ||     1
 Stab: Sleeping          |     1 |       ||     1
  Eat: Chunk             |     2 |     3 ||     5
Armor: Skin              |    30 |     8 ||    38
Dodge: Dodged            |    64 |    21 ||    85
